 Dungeon Crawl Stone Soup version 0.25.0-15-gac7dcb8919 (webtiles) character file.

Game seed: 12667130684110939016

183 protoss039 the Magician (level 5, -2/28 HPs)
             Began as a Deep Elf Earth Elementalist on June 29, 2020.
             Slain by a hippogriff (7 damage)
             ... on level 3 of the Dungeon.
             The game lasted 00:08:35 (3643 turns).

protoss039 the Magician (DEEE)                      Turns: 3643, Time: 00:08:35

Health: -2/28      AC:  3    Str:  5    XL:     5   Next: 35%
Magic:  4/15       EV: 13    Int: 21    God:
Gold:   147        SH:  0    Dex: 15    Spells: 9/15 levels left

rFire    . . .     SeeInvis .   m - +2 dagger (holy)
rCold    . . .     Gourm    .   (no shield)
rNeg     . . .     Faith    .   c - +0 robe
rPois    .         Spirit   .   h - +0 helmet
rElec    .         Reflect  .   (no cloak)
rCorr    .         Harm     .   (no gloves)
MR       .....                  (no boots)
Stlth    ++........             (no amulet)
HPRegen  0.09/turn              (no ring)
MPRegen  0.14/turn              (no ring)

@: no status effects
A: no striking features
a: no special abilities


You were on level 3 of the Dungeon.
You were not hungry.

You visited 1 branch of the dungeon, and saw 3 of its levels.

You collected 147 gold pieces.

Inventory:

Hand Weapons
 m - a +2 dagger of holy wrath (weapon)
Missiles
 b - 3 stones (quivered)
Armour
 c - a +0 robe (worn)
 h - a +0 helmet (worn)
Jewellery
 g - a +4 ring of protection {unknown}
 k - an uncursed ring of protection from magic {unknown}
Scrolls
 a - a scroll of blinking {unknown}
 f - 4 scrolls of identify {unknown}
 i - a scroll of teleportation {unknown}
 l - a scroll of immolation {unknown}
 n - 2 scrolls of enchant weapon {unknown}
 r - 2 scrolls of remove curse {unknown}
Potions
 e - a potion of heal wounds
 j - a potion of berserk rage {unknown}
 p - a potion of curing {unknown}
 q - a potion of haste {unknown}
Comestibles
 d - 5 rations
 o - 6 chunks of flesh


   Skills:
 - Level 2.4 Dodging
 - Level 2.4 Stealth
 * Level 5.5 Spellcasting
 + Level 1.1 Transmutations
 * Level 5.4 Earth Magic


You had 9 spell levels left.
You knew the following spells:

 Your Spells              Type           Power        Failure   Level  Hunger
a - Sandblast             Erth           ####..       1%          1    None
b - Passwall              Tmut/Erth      ###.....     4%          2    None
c - Stone Arrow           Conj/Erth      ###...       10%         3    ##.....

Your spell library contained the following spells:

 Spells                   Type           Power        Failure   Level  Hunger
 Petrify                  Tmut/Erth      ###.....     26%         4    ####...
 Lee's Rapid Deconstruct  Erth           ####......   30%         5    #####..


Dungeon Overview and Level Annotations

Branches:
Dungeon (3/15)

Altars:
Ashenzari

Annotations:
D:2 1 runed translucent door, Crazy Yiuf


Message History

* * * LOW HITPOINT WARNING * * *
The hippogriff claws you.
* * * LOW HITPOINT WARNING * * *
Unknown command.
It was a potion of heal wounds.
You feel much better. The hippogriff bites you. The hippogriff pecks you.
The hippogriff closely misses you.
Unknown command.
Unknown command.
Casting: Sandblast (safe; 1% risk of failure)
Confirm with . or Enter, or press ? or * to list all spells.
Aiming: Sandblast (safe; 1% risk of failure)
Press: ? - help, Shift-Dir - straight line, f/p - hippogriff
Aim: a hippogriff (moderately wounded)
The blast of sand hits the hippogriff!
The hippogriff is severely wounded.
b - 3 stones The hippogriff bites you.
The hippogriff pecks you!
* * * LOW HITPOINT WARNING * * *
The hippogriff claws you!
You die...

########### #.....# ..........#
#.#.#.#####.. .....####.###
#.#.<........
###.†####...###.###.#####. #
#.)........##....H#
###..##......#......#
.....###...).#.####.# ..o#
............##.####.# ...#
#.########......@##)# ...# #.#
#####.#H##.# ...# #.#########
#.#.##)# .o.#
#.##......####......# %..#
..##.......)...#.#########o..####
####......####.#...og.g.o........
#........##......g..g........)
#...........#.................
#..............###.####..$####


You could see a hippogriff.

Vanquished Creatures
  Robin (D:2)
  3 gnolls (D:3)
  3 adders
  An ooze (D:1)
  A worm (D:3)
  4 dart slugs
  3 leopard geckos
  3 orcs (D:3)
  2 giant cockroaches
  14 hobgoblins
  7 jackals
  11 kobolds
  2 quokkas
  2 ball pythons (D:1)
  9 bats
  3 frilled lizards
  14 goblins
  9 rats
  2 fungi (D:2)
94 creatures vanquished.

Notes
Turn   | Place    | Note
-------+----------+-------------------------------------------
     0 | D:1      | protoss039 the Deep Elf Earth Elementalist began the quest
                  | for the Orb.
     0 | D:1      | Reached XP level 1. HP: 10/10 MP: 6/6
   238 | D:1      | Reached XP level 2. HP: 12/15 MP: 5/8
   978 | D:1      | Reached XP level 3. HP: 19/19 MP: 8/10
  1263 | D:2      | Noticed Robin
  1279 | D:2      | Killed Robin
  1490 | D:2      | Reached XP level 4. HP: 22/24 MP: 7/12
  1531 | D:2      | Found a shattered altar of Ashenzari.
  2208 | D:2      | Found a faded altar of an unknown god.
  2246 | D:2      | Learned a level 2 spell: Passwall
  2250 | D:2      | Learned a level 3 spell: Stone Arrow
  2497 | D:2      | Reached skill level 5 in Spellcasting
  3030 | D:2      | Found a runed translucent door.
  3031 | D:2      | Noticed Crazy Yiuf
  3097 | D:3      | Reached skill level 5 in Earth Magic
  3240 | D:3      | Reached XP level 5. HP: 22/28 MP: 14/14
  3612 | D:3      | Noticed a hippogriff
  3643 | D:3      | Slain by a hippogriff

Illustrated notes

Levels and vault maps discovered:
D:1:      noname_arrival_rooms_in_the_neighbourhood, layout_basic,
          minmay_pentomino_v2
D:2:      layout_loops_corners, ashenzari_altar_1,
          chequers_ecumenical_altar_simple_redux, uniq_robin,
          uniq_crazy_yiuf_cottage
D:3:      layout_loops_cross, first_ration, minivault_14, uniq_jessica,
          uniq_ijyb

Skill      XL: |  1  2  3  4 |
---------------+-------------+-----
Earth Magic    | 4 5 |  5.4
Spellcasting   | 4 5 |  5.5
Dodging        | |  2.4
Stealth        | |  2.4
Transmutations | |  1.1

Action                   |  1- 3 |  4- 6 || total
-------------------------+-------+-------++-------
Melee: Dagger            |    44 |   171 ||   215
 Cast: Sandblast         |    41 |    43 ||    84
       Stone Arrow       |       |     8 ||     8
  Use: Potion            |       |     1 ||     1
 Stab: Sleeping          |       |     6 ||     6
       Distracted        |       |     1 ||     1
  Eat: Chunk             |     2 |     7 ||     9
Armor: Robe              |    12 |    17 ||    29
Dodge: Dodged            |    37 |    81 ||   118
